 Dungeon Crawl Stone Soup version 0.29-a0-1027-gcd8c55af63 (webtiles) character file.

Game seed: 15637429003889434775

413 RBrandon the Destroyer (level 6, -6/35 HPs)
             Began as a Tengu Warper on Aug 12, 2022.
             Mangled by an ice beast (14 damage)
             ... on level 4 of the Dungeon.
             The game lasted 00:05:18 (4025 turns).

RBrandon the Destroyer (Tengu Warper)               Turns: 4025, Time: 00:05:18

Health: -6/35      AC:  4    Str: 11    XL:     6   Next: 91%
Magic:  3/10       EV: 14    Int: 15    God:
Gold:   50         SH:  0    Dex: 14    Spells: 5/9 levels left

rFire   . . .      SeeInvis .   B - +0 scimitar (vorpal)
rCold   . . .      Faith    .   (no shield)
rNeg    . . .      Spirit   .   D - +2 robe {Will+}
rPois   .          Reflect  .   (helmet restricted)
rElec   .          Harm     .   (no cloak)
rCorr   .          Rampage  .   (no gloves)
Will    +....                   (boots unavailable)
Stlth   +.........              (no amulet)
HPRegen 0.11/turn               (no ring)
MPRegen 0.12/turn               (no ring)

@: flying quickly and evasively, quick
A: beak, talons 3, nimble flight
a: no special abilities


You were on level 4 of the Dungeon.
You visited 1 branch of the dungeon, and saw 4 of its levels.

You collected 246 gold pieces.
You spent 196 gold pieces at shops.

Inventory:

Hand Weapons
 a - a +0 falchion
 A - a +0 long sword
 B - a +0 vorpal scimitar (weapon)
   (You bought it in a shop on level 2 of the Dungeon)
Missiles
 d - 7 boomerangs of dispersal
 o - 9 boomerangs
Armour
 b - a +0 leather armour
 D - a +2 robe of willpower (worn)
   (You took it off Blork the orc on level 4 of the Dungeon)
Jewellery
 z - a +4 ring of slaying
Wands
 C - a wand of light (5)
Scrolls
 c - a scroll of blinking
 g - a scroll of enchant armour {unknown}
 i - 4 scrolls of identify {unknown}
 k - a scroll of magic mapping {unknown}
 r - a scroll of immolation {unknown}
 t - a scroll of poison {unknown}
 u - 2 scrolls of teleportation {unknown}
 v - a scroll of acquirement {unknown}
 w - a scroll of noise {unknown}
 x - a scroll of brand weapon {unknown}
 y - 3 scrolls of enchant weapon {unknown}
Potions
 e - 2 potions of cancellation {unknown}
 f - 2 potions of mutation {unknown}
 h - a potion of magic {unknown}
 j - 2 potions of degeneration {unknown}
 l - a potion of lignification {unknown}
 m - a potion of curing {unknown}
 n - a potion of ambrosia {unknown}
 p - a potion of might {unknown}
 q - a potion of flight {unknown}
 s - a potion of brilliance


   Skills:
 - Level 2.0 Fighting
 - Level 2.1 Long Blades
 - Level 1.0 Throwing
 - Level 1.1 Armour
 - Level 2.1 Dodging
 - Level 2.0 Spellcasting
 + Level 8.9 Conjurations
 - Level 2.4 Translocations


You had 5 spell levels left.
You knew the following spells:

 Your Spells              Type           Power      Damage    Failure   Level
a - Magic Dart            Conj           100%       1d8       1%          1
b - Mephitic Cloud        Conj/Pois/Air  10%        N/A       21%         3

Your spell library contained the following spells:

 Spells                   Type           Power      Damage    Failure   Level
 Blink                    Tloc           16%        N/A       13%         2
 Slow                     Hex            4%         N/A       22%         1
 Sting                    Tmut/Pois      4%         1d3       22%         1
 Gell's Gravitas          Tloc           8%         N/A       26%         3
 Lesser Beckoning         Tloc           8%         N/A       26%         3
 Teleport Other           Tloc           8%         N/A       26%         3
 Call Imp                 Summ           1%         N/A       32%         2
 Poisonous Vapours        Pois/Air       2%         N/A       32%         2
 Confusing Touch          Hex            1%         N/A       54%         3
 Vampiric Draining        Necr           1%         2d6       54%         3
 Olgreb's Toxic Radiance  Pois           1%         N/A       91%         4
 Manifold Assault         Tloc           8%         N/A       93%         5


Dungeon Overview and Level Annotations

Branches:
Dungeon (4/15)
 Temple: D:4-7

Altars:
Okawaru

Shops:
D:2 (   D:3 (


Innate Abilities, Weirdness & Mutations

You have a beak for a mouth.
You have claws for feet.
Your magical nature lets you fly swiftly and evasively.


Message History

An ice beast comes into view.
An ice beast is nearby!
There is a stone staircase leading up, spattered with blood here.
You fly upwards.
There is a stone staircase leading down here.
You start resting.
HP restored.
You start resting.
Magic restored.
Okay, then.
Unknown command.
There is a stone staircase leading down here.
You fly downwards.
There is a stone staircase leading up here.
The magic dart hits the ice beast!
The ice beast is moderately wounded.
The magic dart hits the ice beast.
The ice beast is heavily wounded.
The magic dart hits the ice beast but does no damage.
The ice beast is heavily wounded.
The magic dart hits the ice beast but does no damage.
The ice beast is heavily wounded.
The magic dart hits the ice beast.
The ice beast is heavily wounded.
The magic dart hits the ice beast but does no damage.
The ice beast is heavily wounded.
The magic dart hits the ice beast but does no damage.
The ice beast is heavily wounded.
The ice beast hits you. The ice beast freezes you!
The magic dart hits the ice beast.
The ice beast is severely wounded.
The ice beast hits you. The ice beast freezes you!
* * * LOW HITPOINT WARNING * * *
You slash the ice beast!
You claw the ice beast, but do no damage.
The ice beast is almost dead.
The ice beast hits you.
* * * LOW HITPOINT WARNING * * *
The ice beast freezes you!
You die...

#.#..................
##......#....#..###
##......#..........
........<#)...##..#.
#.#######()....).....
# #.#..#.#.....
##.#........ .
######..Y........
.......@##.......
#######.# .#.#..#
######.##......
#.............
#..##.............
..................
#..##.#.##.##.#.#. ..
#.##.# ....[ ..#
#<##.# ....


You could see an ice beast.

Vanquished Creatures
  2 phantoms (D:4)
  Blork the orc (D:4)
  A jelly (D:4)
  Jessica (D:3)
  An orc wizard (D:3)
  A gnoll (D:1)
  4 adders
  2 worms
  A dart slug (D:1)
  8 orcs
  4 bats
  7 endoplasms
  2 giant cockroaches
  7 goblins
  2 hobgoblins (D:2)
  4 jackals (D:1)
  2 quokkas
  2 ball pythons
  6 frilled lizards
  4 kobolds
  4 rats
66 creatures vanquished.

Notes
Turn   | Place    | Note
-------+----------+-------------------------------------------
     0 | D:1      | RBrandon the Tengu Warper began the quest for the Orb.
     0 | D:1      | Reached XP level 1. HP: 12/12 MP: 4/4
     4 | D:1      | Learned a level 1 spell: Magic Dart
    41 | D:1      | Reached skill level 1 in Conjurations
   195 | D:1      | Reached skill level 2 in Conjurations
   195 | D:1      | Reached XP level 2. HP: 17/17 MP: 1/6
   263 | D:1      | Reached skill level 3 in Conjurations
   475 | D:1      | Reached XP level 3. HP: 21/21 MP: 5/7
   791 | D:1      | Reached skill level 4 in Conjurations
  1285 | D:2      | Reached XP level 4. HP: 22/26 MP: 0/8
  1440 | D:2      | Reached skill level 5 in Conjurations
  1767 | D:2      | Found an iron altar of Okawaru.
  1781 | D:2      | Found Ofaom's Antique Weapon Boutique.
  2378 | D:3      | Noticed Jessica
  2381 | D:3      | Killed Jessica
  2382 | D:3      | Gained mutation: Your magical nature lets you fly swiftly
                  | and evasively. [Tengu growth]
  2382 | D:3      | Reached XP level 5. HP: 24/30 MP: 5/9
  2541 | D:3      | Reached skill level 6 in Conjurations
  3140 | D:3      | Found Now Meh's Antique Weapon Boutique.
  3228 | D:2      | Bought a glowing scimitar for 196 gold pieces
  3337 | D:4      | Noticed Blork the orc
  3347 | D:3      | Learned a level 3 spell: Mephitic Cloud
  3386 | D:4      | Noticed a phantom
  3463 | D:4      | Reached skill level 7 in Conjurations
  3581 | D:4      | Noticed a phantom
  3593 | D:4      | Killed a phantom
  3594 | D:4      | Reached XP level 6. HP: 25/35 MP: 0/10
  3750 | D:4      | Killed Blork the orc
  3751 | D:4      | Reached skill level 8 in Conjurations
  3923 | D:4      | Noticed an ice beast
  4025 | D:4      | Mangled by an ice beast

Illustrated notes

Levels and vault maps discovered:
D:1:      psy_arrival_terrarium, layout_basic, minmay_misc_feat_four_crosses,
          supply_closet_lemuel, nicolae_wormholes
D:2:      layout_loops_ring, serial_shops, shop, basic_altar,
          corexii_hall_statues_s
D:3:      layout_rooms, serial_shops, shop_coins, chequers_arboretum,
          uniq_jessica
D:4:      layout_basic, grunt_decor_clamped, uniq_blork_the_orc, uniq_sigmund

Skill      XL: |  1  2  3  4  5  6 |
---------------+-------------------+-----
Conjurations   | 2 3 4 5 7 8 |  8.9
Fighting       | |  2.0
Long Blades    | |  2.1
Throwing       | |  1.0
Armour         | |  1.1
Dodging        | |  2.1
Spellcasting   | |  2.0
Translocations | |  2.4

Action                   |  1- 3 |  4- 6 || total
-------------------------+-------+-------++-------
Melee: Falchion          |    20 |    11 ||    31
       Kick              |     7 |     5 ||    12
       Peck              |     2 |     1 ||     3
       Scimitar          |       |     4 ||     4
 Cast: Magic Dart        |    69 |   119 ||   188
       Mephitic Cloud    |       |     2 ||     2
Armor: Leather armour    |     4 |     7 ||    11
       Robe              |       |     1 ||     1
Dodge: Dodged            |    12 |    23 ||    35

Table legend: (Time is in decaauts)
 A = Elapsed time spent in this place.
 B = Non-inter-level travel time spent in this place.
 C = Inter-level travel time spent in this place.
 D = Time resting spent in this place.
 E = Time spent auto-exploring this place.
 F = Levels seen in this place.
 G = Mean time per level.
                   A        B        C        D        E       F      G
               +--------+--------+--------+--------+--------+-----+--------+
         Total |   3982 |   3779 |    203 |   1268 |   1980 |   4 |  995.5 |
       Dungeon |   3982 |   3779 |    203 |   1268 |   1980 |   4 |  995.5 |
               +--------+--------+--------+--------+--------+-----+--------+

Top non-repeatable levels by time:
     D:3: 1239 daAuts
     D:2: 1225 daAuts
     D:1: 1218 daAuts
     D:4: 298 daAuts

Table legend:
 A = Kills in this place as a percentage of kills in entire the game.
 B = Kills by you in this place as a percentage of kills by you in the entire game.
 C = Kills by friends in this place as a percentage of kills by friends in the entire game.
 D = Other kills in this place as a percentage of other kills in the entire game.
 E = Experience gained in this place as a percentage of experience gained in the entire game.
 F = Experience gained in this place divided by the number of levels of this place that you have seen.
                   A       B       C       D       E      F
               +-------+-------+-------+-------+-------+----------------------
         Total | 100.0 | 100.0 |   N/A |   N/A | 100.0 | 147.8
       Dungeon | 100.0 | 100.0 |   N/A |   N/A | 100.0 | 147.8
               +-------+-------+-------+-------+-------+----------------------
